 Dungeon Crawl Stone Soup version 0.19-a0-1207-g69d5fc3 (webtiles) character file.

64 PurpleRed the Magician (level 3, 0/19 HPs)
             Began as a Deep Elf Fire Elementalist on Aug 21, 2016.
             Slain by a gnoll
             ... wielding a +0 spear
              (9 damage)
             ... on level 4 of the Dungeon.
             The game lasted 00:04:57 (640 turns).

PurpleRed the Magician (Deep Elf Fire Elementalist)  Turns: 640, Time: 00:04:58

Health: 0/19       AC:  3    Str:  5    XL:     3   Next: 91%
Magic:  0/10       EV: 13    Int: 20    God:
Gold:   116        SH:  0    Dex: 15    Spells: 1 memorised, 9 levels left

rFire  . . .     SeeInvis .     m - +0 hand axe
rCold  . . .     Gourm    .     a - +0 robe
rNeg   . . .     Faith    .     (no shield)
rPois  .         Spirit   .     (no helmet)
rElec  .         Dismiss  .     (no cloak)
rCorr  .         Reflect  .     (no gloves)
MR     +....     Harm     .     f - +0 pair of boots
Stlth  ++........               (no amulet)
                                (no ring)
                                j - ring of protection from magic (curse)

@: very slightly contaminated
A: no striking features
a: no special abilities


You were on level 4 of the Dungeon.
You were not hungry.

You visited 1 branch of the dungeon, and saw 4 of its levels.

You collected 116 gold pieces.

Inventory:

Hand Weapons
 l - a +0 club
 m - a +0 hand axe (weapon)
Armour
 a - a +0 robe (worn)
 f - a +0 pair of boots (worn)
 s - a +0 pair of boots
 t - a +0 shield
Jewellery
 j - a cursed ring of protection from magic (left hand)
Wands
 n - a wand of random effects (44/48)
Scrolls
 e - 2 scrolls of fog
 i - 3 scrolls of amnesia
Potions
 d - 2 potions of curing {unknown}
 q - a potion of agility {unknown}
 r - a potion of brilliance {unknown}
Books
 b - a book of Flames

   Spells                             Type                      Level
   a - Flame Tongue                   Conjuration/Fire             1
   b - Throw Flame                    Conjuration/Fire             2
   c - Conjure Flame                  Conjuration/Fire             3
   d - Inner Flame                    Hexes/Fire                   3
   e - Sticky Flame                   Conjuration/Fire             4
   f - Fireball                       Conjuration/Fire             5
Comestibles
 c - 2 bread rations
 h - a beef jerky
 k - a meat ration


   Skills:
 - Level 2.4 Dodging
 - Level 2.4 Stealth
 + Level 4.2 Spellcasting
 * Level 3.3 Conjurations
 - Level 3.2 Fire Magic


You had 9 spell levels left.
You knew the following spells:

 Your Spells              Type           Power        Failure   Level  Hunger
a - Flame Tongue          Conj/Fire      ###..        3%          1    None


Dungeon Overview and Level Annotations

Branches:
Dungeon (4/15)
 Temple: D:4-7

Altars:


Message History

The flame tongue hits the gnoll.
The gnoll is almost dead.
The gnoll barely misses you.
Evoke which item? (* to show all) (? for menu, Esc to quit)
Zapping:
n - a wand of random effects {recharged} (will waste charges)
Press: ? - help, Shift-Dir - straight line, f - gnoll, p - gnoll
Aim: a gnoll, wielding a spear The gnoll evaporates and reforms as a hound!
Evoking this partially-identified wand wasted a few charges.
The gnoll hits you from afar with a spear.
The hound misses you.
Evoke which item? (* to show all) (? for menu, Esc to quit)
Zapping:
n - a wand of random effects {zapped: 2} (will waste charges)
Press: ? - help, Shift-Dir - straight line, p - gnoll The hound flickers and vanishes!
Deactivating autopickup; reactivate with Ctrl-A.
Evoking this partially-identified wand wasted a few charges.
Something bites you but does no damage.
The gnoll hits you from afar with a spear!
You die...

################
#.......@........
#.......{........
#.......g........
#................
#................
#................
#................
#................
#######.....##+##


You could see a gnoll.

Vanquished Creatures
  2 gnolls (D:4)
  An adder (D:3)
  An ooze (D:2)
  2 giant geckos
  An orc (D:3)
  A ball python (D:2)
  2 giant cockroaches
  2 goblins (D:2)
  5 hobgoblins
  A quokka (D:4)
  5 bats
  A kobold (D:3)
  4 rats
28 creatures vanquished.

Notes
Turn   | Place    | Note
-------+----------+-------------------------------------------
     0 | D:1      | PurpleRed the Deep Elf Fire Elementalist began the quest for the Orb.
     0 | D:1      | Reached XP level 1. HP: 10/10 MP: 6/6
   226 | D:2      | Reached XP level 2. HP: 15/15 MP: 0/8
   441 | D:3      | Reached XP level 3. HP: 19/19 MP: 6/10
   475 | D:3      | Reached skill level 4 in Spellcasting
   640 | D:4      | Slain by a gnoll

Vault maps used:
D:1:      dpeg_arrival_tiny_a, serial_bayou_pond_b
D:2:      minmay_misc_feat_more_columns, nicolae_ru_great_annihilating_truth,
          uniq_robin
D:4:      first_bread, serial_shops, nicolae_shop_stone, nicolae_shop_stone

Skill      XL: |  1  2  3 |
---------------+----------+-----
Conjurations   | 2 3 |  3.3
Spellcasting   | 4 |  4.2
Dodging        | |  2.4
Stealth        | |  2.4
Fire Magic     | |  3.2

Action                   || total
-------------------------++-------
Melee: Unarmed           ||     5
       Hand axe          ||    12
 Cast: Flame Tongue      ||    48
Evoke: Wand              ||     2
  Use: Scroll            ||     6
Armor: Robe              ||    13
Dodge: Dodged            ||    37
